 Dungeon Crawl Stone Soup version 0.23.2-30-g0e89c35649 (webtiles) character file.

Game seed: 3776682479701171469

43235 Alter the Cleaver (level 13, -17/127 HPs)
             Began as a Deep Dwarf Fighter on June 9, 2019.
             Was a High Priest of Makhleb.
             Demolished by a titanic slime creature (92 damage)
             ... on level 12 of the Dungeon on June 10, 2019.
             The game lasted 00:56:32 (13597 turns).

Alter the Cleaver (Deep Dwarf Fighter)             Turns: 13597, Time: 00:56:32

Health: -17/127    AC: 23    Str: 29    XL:     13   Next: 89%
Magic:  9/9        EV: 11    Int:  7    God:    Makhleb [*****.]
Gold:   365        SH: 15    Dex: 14    Spells: 12/12 levels left

rFire    + . .     SeeInvis .   v - +1 broad axe (vamp)
rCold    + . .     Gourm    .   c - +2 shield
rNeg     . . .     Faith    .   u - +1 plate armour
rPois    .         Spirit   .   A - +1 helmet
rElec    +         Reflect  .   l - scarf {rC+ rF+}
rCorr    .         Harm     .   r - +2 pair of gloves
MR       +....                  h - +0 pair of boots "Ruomoyng" {rElec Str+4 Dex+2}
Stlth    ..........             (no amulet)
HPRegen  0.00/turn              B - ring "Teplikoa" {+Blink +Fly Int-2 Slay+3}
MPRegen  0.11/turn              (no ring)

@: non-regenerating
A: damage resistance, heal wounds, sense surroundings 2, no regeneration
a: Heal Wounds, Minor Destruction, Lesser Servant of Makhleb, Major Destruction,
Greater Servant of Makhleb, Renounce Religion, Evoke Blink, Evoke Flight


You were on level 12 of the Dungeon.
You worshipped Makhleb.
Makhleb was extremely pleased with you.
You were not hungry.

You visited 3 branches of the dungeon, and saw 20 of its levels.
You also visited: Ossuary.

You collected 1192 gold pieces.
You spent 827 gold pieces at shops.

Inventory:

Hand Weapons
 a - a +2 war axe of flaming
 v - a +1 vampiric broad axe (weapon)
Missiles
 M - 9 curare-tipped needles
Armour
 c - a +2 shield (worn)
 h - the +0 pair of boots "Ruomoyng" (worn) {rElec Str+4 Dex+2}
   (You found it on level 4 of the Dungeon)

   It affects your strength (+4).
   It affects your dexterity (+2).
   It insulates you from electricity.
 l - a scarf of resistance (worn)
 r - a +2 pair of gloves (worn)
 u - a +1 plate armour (worn)
 A - a +1 helmet (worn)
 I - a +2 cloak
Jewellery
 B - the ring "Teplikoa" (left hand) {+Blink +Fly Int-2 Slay+3}
   (You bought it in a shop on level 10 of the Dungeon)

   [ring of flight]

   It affects your intelligence (-2).
   It affects your accuracy and damage with ranged weapons and melee attacks
   (+3).
   It lets you fly.
   It lets you blink.
Wands
 b - a wand of flame (10)
 g - a wand of digging (6)
 o - a wand of polymorph (8)
 x - a wand of random effects (14)
 E - a wand of scattershot (5)
 F - a wand of disintegration (4)
 H - a wand of acid (14)
 K - a wand of paralysis (5)
Scrolls
 d - 2 scrolls of identify
 e - a scroll of fear
 m - 3 scrolls of fog
 n - 3 scrolls of teleportation
 p - 11 scrolls of remove curse
 y - 3 scrolls of amnesia
 z - 4 scrolls of magic mapping
 C - a scroll of summoning
Potions
 i - a potion of heal wounds
 j - 7 potions of lignification
 k - 3 potions of resistance
 q - 4 potions of flight
 s - 3 potions of magic
 t - a potion of curing
 w - 2 potions of degeneration
 G - a potion of brilliance
 J - 4 potions of ambrosia
 L - a potion of agility
Comestibles
 f - 28 rations
 D - 29 chunks of flesh


   Skills:
 * Level 11.2 Fighting
 + Level 14.6 Axes
 * Level 10.8 Armour
 + Level 7.9 Dodging
 + Level 10.5 Shields
 + Level 9.0 Invocations
 - Level 0.5 Evocations


You had 12 spell levels left.
You didn't know any spells.
Your spell library contained the following spells:

 Spells                   Type           Power        Failure   Level  Hunger
 Animate Skeleton         Necr           N/A          99%         1    ##.....
 Apportation              Tloc           #.....       99%         1    ##.....
 Confusing Touch          Hex            #.....       99%         1    ##.....
 Flame Tongue             Conj/Fire      #....        99%         1    ##.....
 Summon Small Mammal      Summ           #...         99%         1    ##.....
 Throw Flame              Conj/Fire      #.....       100%        2    ###....
 Conjure Flame            Conj/Fire      #.......     100%        3    ####...
 Inner Flame              Hex/Fire       #.......     100%        3    ####...
 Sticky Flame             Conj/Fire      #.......     100%        4    #####..
 Fireball                 Conj/Fire      #.........   100%        5    ######.


Dungeon Overview and Level Annotations

Branches:
Dungeon (15/15)            Temple (1/1) D:7            Lair (4/6) D:8
 Shoals (0/4) Lair:3       Spider (0/4) Lair:4       Depths (0/5) D:15
    Orc: D:9-12      Vaults: D:13-14

Altars:
Ashenzari
Cheibriados
Dithmenos
Elyvilon
Fedhas
Gozag
Hepliaklqana
Kikubaaqudgha
Makhleb
Nemelex Xobeh
Okawaru
Qazlal
Ru
Sif Muna
Trog
Uskayaw
Vehumet
Wu Jian
Xom
Yredelemnul
Zin
The Shining One

Shops:
D:8 [   D:10 :[[?=   D:12 [(   D:15 *:?%


Innate Abilities, Weirdness & Mutations

You are resistant to damage.
You can heal yourself by infusing magical energy.
You passively map the area around you.
You do not regenerate.


Message History

The titanic slime creature is heavily wounded.
The titanic slime creature hits you but does no damage.
Unknown command.
You slash the titanic slime creature!
You feel better.
The titanic slime creature is heavily wounded.
You block the titanic slime creature's attack.
Unknown command.
You hit the titanic slime creature.
The titanic slime creature is heavily wounded.
You block the titanic slime creature's attack.
Unknown command.
You slice the titanic slime creature!!
The titanic slime creature is severely wounded.
The titanic slime creature hits you!!!
Unknown command.
You hit the titanic slime creature.
You feel better.
The titanic slime creature is severely wounded.
The titanic slime creature hits you!!!!
Ouch! That really hurt!
You die...

...........#* ,
####÷####### * #....#
** * # * #'########## ,
.. * ..⌠.⌠......# ...
...∩.......# .≈≈≈ ≈
..⌠.⌠..>...##### [.≈# ≈
...........'...###o..≈#
+ *
..<........###..@J{o.≈#
≈ , ...........#
#####o..≈≈≈
########+### ####+** ,*
* , * ######+ *** ,
....... , * ....... , ,
* ** ....... ** , ,
,,,, *


You could see a titanic slime creature and 3 orcs.

Vanquished Creatures
  Josephine (D:14)
  2 centaur warriors (D:14)
  A catoblepas (D:14)
  4 hydras
  6 two-headed ogres
  9 death yaks
  Sonja (Lair:3)
  3 unseen horrors
  A deep elf mage (D:12)
  3 cyclopes
  A manticore (D:9)
  7 ugly things
  A black mamba (Lair:1)
  6 elephants (Lair:4)
  Psyche (D:9)
  5 spiny frogs
  3 komodo dragons
  A tengu conjurer (D:10)
  A hornet (D:8)
  3 trolls
  5 blink frogs (Lair:3)
  3 hippogriffs
  6 slime creatures (D:14)
  A redback (Lair:4)
  A centaur simulacrum (D:14)
  A shadow (D:14)
  6 wraiths
  4 wyverns
  11 yaks
  2 hungry ghosts
  4 vampire mosquitoes (D:14)
  An acid dragon (D:11)
  4 water moccasins
  9 porcupines
  A hornet zombie (D:7)
  4 sky beasts
  2 phantoms
  7 orc warriors
  3 black bears
  A necrophage (D:10)
  3 ice beasts
  5 ogres
  9 wolves
  8 centaurs
  2 big kobolds
  6 crocodiles
  6 bullfrogs
  4 earth elementals (D:13)
  4 scorpions
  A howler monkey (D:4)
  4 wights (D:12)
  2 centaur zombies
  6 crimson imps
  3 quasits
  4 orc priests
  3 centaur skeletons
  2 jellies
  3 bullfrog skeletons
  5 hounds
  6 iguanas
  9 orc wizards
  11 worker ants
  A hound zombie (D:5)
  A hound skeleton (D:4)
  8 mummies (Ossuary)
  2 howler monkey skeletons
  10 gnolls
  13 adders
  2 shadow imps (D:13)
  3 adder skeletons
  A worm (D:2)
  3 dart slugs
  3 leopard geckos
  39 orcs
  6 giant cockroaches
  2 gnoll zombies (Ossuary)
  5 hobgoblins
  12 jackals
  13 kobolds
  7 quokkas
  2 ball pythons
  8 bats
  5 frilled lizards
  7 goblins
  2 hobgoblin zombies (Ossuary)
  2 kobold zombies (Ossuary)
  A leopard gecko skeleton (D:4)
  A leopard gecko zombie (D:7)
  2 orc zombies (Ossuary)
  14 rats
  8 fungi
  2 plants
427 creatures vanquished.

Vanquished Creatures (others)
  A fungus (Lair:3)
1 creature vanquished.

Grand Total: 428 creatures vanquished

Notes
Turn   | Place    | Note
-------+----------+-------------------------------------------
     0 | D:1      | Alter the Deep Dwarf Fighter began the quest for the Orb.
     0 | D:1      | Reached XP level 1. HP: 20/20 MP: 1/1
   348 | D:1      | Reached XP level 2. HP: 25/27 MP: 2/2
   766 | D:1      | Reached skill level 1 in Dodging
   900 | D:2      | Reached XP level 3. HP: 31/34 MP: 3/3
   930 | D:2      | Found a white marble altar of Elyvilon.
   932 | D:2      | Found an opulent altar of Gozag.
  1011 | D:2      | Reached skill level 3 in Axes
  1091 | D:2      | Found a glowing silver altar of Zin.
  1094 | D:2      | Found a deep blue altar of Sif Muna.
  1102 | D:2      | Reached XP level 4. HP: 30/42 MP: 4/4
  1729 | D:3      | Reached XP level 5. HP: 49/49 MP: 5/5
  2059 | D:4      | Noticed an ice beast
  2065 | D:4      | Reached skill level 4 in Axes
  2074 | D:4      | Killed an ice beast
  2074 | D:4      | Reached XP level 6. HP: 39/57 MP: 6/6
  2458 | D:4      | Reached skill level 5 in Axes
  2558 | D:4      | Got a pair of scorched boots
  2578 | D:4      | Identified the +0 pair of boots "Ruomoyng" {rElec Str+4
                  | Dex+2} (You found it on level 4 of the Dungeon)
  3206 | D:5      | Entered Level 5 of the Dungeon
  3377 | D:5      | Reached XP level 7. HP: 52/64 MP: 7/7
  3956 | D:5      | Found an ancient bone altar of Kikubaaqudgha.
  4089 | D:6      | Reached skill level 6 in Axes
  4089 | D:6      | Reached skill level 5 in Shields
  4172 | D:6      | Reached XP level 8. HP: 36/73 MP: 8/8
  4203 | D:6      | Found a white marble altar of Elyvilon.
  4594 | D:7      | Noticed a hippogriff
  4608 | D:7      | Killed a hippogriff
  4608 | D:7      | Reached skill level 5 in Fighting
  4608 | D:7      | Reached skill level 7 in Axes
  4663 | D:7      | Reached skill level 5 in Dodging
  4712 | D:7      | Reached skill level 5 in Armour
  4765 | D:7      | Reached skill level 8 in Axes
  4819 | D:7      | Gained mutation: You passively map the area around you.
                  | [Deep Dwarf growth]
  4819 | D:7      | Reached XP level 9. HP: 70/81 MP: 6/6
  4838 | D:7      | Found a staircase to the Ecumenical Temple.
  4847 | Temple   | Entered the Ecumenical Temple
  4938 | Temple   | Became a worshipper of Makhleb the Destroyer
  5371 | D:8      | Found an ornate altar of the Wu Jian Council.
  5411 | D:8      | Reached * piety under Makhleb
  5439 | D:8      | Found a sand-covered staircase.
  5443 | Ossuary  | Entered an ossuary
  5654 | D:8      | Reached skill level 9 in Axes
  5753 | D:8      | Noticed a death yak
  5753 | D:8      | Noticed a death yak
  5754 | D:8      | Noticed a death yak
  5754 | D:8      | Noticed a death yak
  5756 | D:8      | Noticed a death yak
  5779 | D:8      | Killed a death yak
  5790 | D:8      | Killed a death yak
  5790 | D:8      | Reached skill level 10 in Axes
  5790 | D:8      | Reached XP level 10. HP: 76/92 MP: 7/7
  5804 | D:8      | Killed a death yak
  5904 | D:8      | Found an iron altar of Okawaru.
  5904 | D:8      | Found a sacrificial altar of Ru.
  5905 | D:8      | Found a radiant altar of Vehumet.
  5930 | D:8      | Paralysed by fainting for 10 turns
  5994 | D:8      | Found a staircase to the Lair.
  6008 | D:8      | Found Jonoiw Cug's Armour Emporium.
  6064 | D:8      | Found a glowing golden altar of the Shining One.
  6068 | D:8      | Noticed an angel
  6075 | D:8      | Found a basalt altar of Yredelemnul.
  6077 | D:8      | Noticed a profane servitor
  6272 | D:8      | Found a hazy altar of Hepliaklqana.
  6275 | D:8      | Found a stormy altar of Qazlal.
  6337 | D:8      | Killed a death yak
  6347 | D:8      | Killed a death yak
  6347 | D:8      | Reached skill level 11 in Axes
  6382 | D:9      | Reached ** piety under Makhleb
  6605 | D:9      | Noticed a manticore
  6611 | D:9      | Noticed Psyche
  6624 | D:9      | Killed a manticore
  6624 | D:9      | Reached skill level 1 in Invocations
  6629 | D:9      | Killed Psyche
  7194 | D:9      | Noticed a two-headed ogre
  7205 | D:9      | Killed a two-headed ogre
  7205 | D:9      | Reached XP level 11. HP: 103/103 MP: 6/8
  7280 | Lair:1   | Entered Level 1 of the Lair of Beasts
  8863 | Lair:3   | Reached skill level 12 in Axes
  8924 | Lair:3   | Noticed a death yak
  8928 | Lair:3   | Noticed a death yak
  8929 | Lair:3   | Noticed a death yak
  8931 | Lair:3   | Noticed a death yak
  8951 | Lair:3   | Killed a death yak
  8955 | Lair:3   | Reached *** piety under Makhleb
  8956 | Lair:3   | Killed a death yak
  8956 | Lair:3   | Reached skill level 5 in Invocations
  8963 | Lair:3   | Killed a death yak
  8969 | Lair:3   | Killed a death yak
  9022 | Lair:3   | Paralysed by fainting for 8 turns
  9242 | Lair:3   | Reached XP level 12. HP: 114/114 MP: 11/11
  9327 | Lair:3   | Noticed a four-headed hydra
  9339 | Lair:3   | Killed a seven-headed hydra
  9498 | Lair:3   | Noticed Sonja
  9559 | Lair:3   | Killed Sonja
  9559 | Lair:3   | Reached skill level 13 in Axes
  9660 | Lair:3   | Found a staircase to the Shoals.
 10403 | Lair:4   | Reached **** piety under Makhleb
 10625 | Lair:4   | Found a hole to the Spider Nest.
 10645 | Lair:4   | HP: 5/115 [wolf spider (7)]
 10787 | D:10     | Entered Level 10 of the Dungeon
 10932 | D:10     | Found Cawixiog's Jewellery Emporium.
 10940 | D:10     | Bought the ring "Teplikoa" {+Blink +Fly Int-2 Slay+3} for
                  | 558 gold pieces
 11007 | D:10     | Found Innon's Magic Scroll Shoppe.
 11017 | D:10     | Bought a scroll of identify for 30 gold pieces
 11017 | D:10     | Bought a scroll of remove curse for 45 gold pieces
 11017 | D:10     | Bought a scroll of summoning for 142 gold pieces
 11017 | D:10     | Bought a scroll of magic mapping for 52 gold pieces
 11094 | D:10     | Found Yroim's Antique Armour Boutique.
 11143 | D:10     | Found Bubbyaca's Book Shoppe.
 11160 | D:10     | Found Rurphaig's Armour Shop.
 11162 | D:10     | Noticed a two-headed ogre
 11172 | D:10     | Killed a two-headed ogre
 11864 | D:11     | Noticed a six-headed hydra
 11876 | D:11     | Killed a one-headed hydra
 11926 | D:11     | You fall through a shaft for 3 floors!
 11929 | D:14     | Noticed Josephine
 11929 | D:14     | Noticed a centaur warrior
 11929 | D:14     | Noticed a centaur warrior
 11937 | D:14     | Reached skill level 10 in Fighting
 11939 | D:14     | Killed a centaur warrior
 11940 | D:14     | Killed a centaur warrior
 12061 | D:14     | Reached XP level 13. HP: 122/123 MP: 9/9
 12108 | D:14     | Reached ***** piety under Makhleb
 12298 | D:14     | Killed Josephine
 12298 | D:14     | Reached skill level 14 in Axes
 12298 | D:14     | Reached skill level 10 in Shields
 12984 | D:13     | Reached skill level 10 in Armour
 13050 | D:13     | You fall through a shaft for 2 floors!
 13050 | D:15     | Entered Level 15 of the Dungeon
 13087 | D:15     | Found a staircase to the Depths.
 13128 | D:15     | Found Owonekhli's General Store.
 13129 | D:15     | Found Piutuiz's Book Shop.
 13130 | D:15     | Found Bitoc's Magic Scroll Shop.
 13135 | D:15     | Found Ikhliffou's Food Shop.
 13412 | D:12     | Found Jaunnar's Antique Armour Shoppe.
 13547 | D:12     | Found Axuqemer's Antique Weapon Boutique.
 13597 | D:12     | Demolished by a titanic slime creature

Skill      XL: |  1  2  3  4  5  6  7  8  9 10 11 12 13 |
---------------+----------------------------------------+-----
Fighting       | 3 4 5 6 7 9 10 11 | 11.2
Dodging        | 1 2 3 4 5 6 7 |  7.9
Axes           | 3 4 5 6 8 10 11 12 13 14 | 14.6
Shields        | 4 5 6 7 8 9 10 | 10.5
Armour         | 4 5 7 9 10 | 10.8
Invocations    | 3 6 8 9 |  9.0
Evocations     | |  0.5

Action                   |  1- 3 |  4- 6 |  7- 9 | 10-12 | 13-15 || total
-------------------------+-------+-------+-------+-------+-------++-------
Melee: War axe           |    96 |   183 |   229 |   154 |    18 ||   680
       Broad axe         |       |       |   134 |   589 |   365 ||  1088
Invok: Minor Destruction |       |       |       |     2 |       ||     2
 Abil: Heal Wounds       |       |     2 |     4 |    35 |       ||    41
Evoke: Wand              |       |       |       |     7 |    10 ||    17
  Use: Scroll            |     4 |     7 |     8 |    17 |     3 ||    39
       Potion            |       |       |     1 |    14 |       ||    15
  Eat: Chunk             |     1 |     5 |     5 |    16 |     3 ||    30
       Ration            |       |     1 |     2 |     5 |     2 ||    10
Armor: Scale mail        |    70 |    95 |    37 |       |       ||   202
       Plate armour      |       |       |   103 |   812 |   329 ||  1244
Dodge: Dodged            |    28 |    80 |    92 |   324 |   188 ||   712
Block: Shield            |    56 |   131 |   223 |   742 |   364 ||  1516
